EL
SAN JOSE GIANTS @ JACKSONVILLE SUNS
04/25/2048
 
TOP OF THE 1ST
San Jose Giants batting - Pitching for Jacksonville Suns : LHP Byron Copeland
Pitching: LHP Byron Copeland
Batting: RHB Ryan Bentz 0-0: Called Strike
0-1: Ground out 5-3 (Groundball, 5, EV 85.6 MPH)
Batting: RHB Edwin Verdugo 0-0: Ball
1-0: Ball
2-0: Foul Ball, location: 2F
2-1: Ground out 6-3 (Groundball, 6, EV 95.6 MPH)
Batting: RHB Frank Pena 0-0: Called Strike
0-1: Foul Ball, location: 2F
0-2: SINGLE (Groundball, 56, EV 100.0 MPH)
Batting: LHB Steve Nevis 0-0: Ball
1-0: Fly out, F7 (Flyball, 78XD, EV 93.1 MPH)
Top of the 1st over - 0 runs, 1 hit, 0 errors, 1 left on base; San Jose 0 - Jacksonville 0
BOTTOM OF THE 1ST
Jacksonville Suns batting - Pitching for San Jose Giants : RHP Kenjyu Watanabe
Pitching: RHP Kenjyu Watanabe
Batting: RHB Len Graham 0-0: Fly out, F8 (Flyball, 8LD, EV 83.1 MPH)
Batting: RHB Boof Howell 0-0: Swinging Strike
0-1: Swinging Strike
0-2: Strikes out swinging
Batting: SHB Matt Moore 0-0: Called Strike
0-1: Ball
1-1: SOLO HOME RUN (Flyball, 9D, EV 101.2 MPH), Distance : 390 ft
Batting: RHB Miguel Velasco 0-0: Ball
1-0: Ball
2-0: Ground out 3-1 (Groundball, 34, EV 98.1 MPH)
Bottom of the 1st over - 1 run, 1 hit, 0 errors, 0 left on base; San Jose 0 - Jacksonville 1
TOP OF THE 2ND
San Jose Giants batting - Pitching for Jacksonville Suns : LHP Byron Copeland
Batting: RHB Josh Truell 0-0: Ball
1-0: Swinging Strike
1-1: Fly out, F8 (Flyball, 8RS, EV 93.1 MPH)
Batting: RHB Armando Ramirez 0-0: Called Strike
0-1: Swinging Strike
0-2: Ball
1-2: Foul Ball, location: 2F
1-2: Ground out 6-3 (Groundball, 6, EV 86.2 MPH)
Batting: RHB David Bibian 0-0: Foul Ball, location: 2F
0-1: Ball
1-1: Foul Ball, location: 2F
1-2: Fly out, F9 (Flyball, 89S, EV 88.8 MPH)
Top of the 2nd over - 0 runs, 0 hits, 0 errors, 0 left on base; San Jose 0 - Jacksonville 1
BOTTOM OF THE 2ND
Jacksonville Suns batting - Pitching for San Jose Giants : RHP Kenjyu Watanabe
Batting: LHB Dong-u Chang 0-0: Ball
1-0: Called Strike
1-1: Swinging Strike
1-2: SOLO HOME RUN (Flyball, 7D, EV 98.8 MPH), Distance : 379 ft
Batting: LHB Carlos Mosqueda 0-0: Ball
1-0: Ball
2-0: Ball
3-0: Called Strike
3-1: Ground out U3 (Groundball, 3, EV 85.0 MPH)
Batting: RHB Tom Thompson 0-0: Foul Ball, location: 2F
0-1: Ball
1-1: Fly out, F9 (Line Drive, 9D, EV 95.6 MPH)
Batting: RHB Alberto Bravo 0-0: Called Strike
0-1: Swinging Strike
0-2: Ground out 1-3 (Groundball, 15S, EV 72.5 MPH)
Bottom of the 2nd over - 1 run, 1 hit, 0 errors, 0 left on base; San Jose 0 - Jacksonville 2
TOP OF THE 3RD
San Jose Giants batting - Pitching for Jacksonville Suns : LHP Byron Copeland
Batting: RHB Teruhide Horiuchi 0-0: Ball
1-0: Ball
2-0: Hit by Pitch
Batting: RHB Ed Broomhead 0-0: Ball
1-0: Foul Ball, location: 2F
1-1: Foul Ball, location: 2F
1-2: Strikes out swinging
Batting: RHB Ryan Bentz 0-0: Called Strike
0-1: Foul Ball, location: 2F
0-2: Ball
1-2: Strikes out swinging
Batting: RHB Edwin Verdugo 0-0: Called Strike
0-1: 2-RUN HOME RUN (Flyball, 9D, EV 96.2 MPH), Distance : 376 ft
Batting: RHB Frank Pena 0-0: Called Strike
0-1: SINGLE (Groundball, 56D, EV 98.8 MPH)
Batting: LHB Steve Nevis 0-0: Called Strike
0-1: Ball
1-1: Foul Ball, location: 2F
1-2: Ball
2-2: Foul Ball, location: 2F
2-2: Ball
Frank Pena is caught stealing 2nd base 2-6
Top of the 3rd over - 2 runs, 2 hits, 0 errors, 0 left on base; San Jose 2 - Jacksonville 2
BOTTOM OF THE 3RD
Jacksonville Suns batting - Pitching for San Jose Giants : RHP Kenjyu Watanabe
Batting: LHB Emilio Cordero 0-0: Ball
1-0: Ball
2-0: Ball
3-0: Called Strike
3-1: Swinging Strike
3-2: Strikes out swinging
Batting: RHB Len Graham 0-0: Called Strike
0-1: Ball
1-1: Foul Ball, location: 2F
1-2: Ball
2-2: Ground out 5-3 (Groundball, 56S, EV 65.6 MPH)
Batting: RHB Boof Howell 0-0: Foul Ball, location: 2F
0-1: Ball
1-1: Ball
2-1: Ball
3-1: Called Strike
3-2: Base on Balls
Batting: SHB Matt Moore 0-0: Called Strike
0-1: Foul Ball, location: 2F
0-2: Strikes out swinging
Bottom of the 3rd over - 0 runs, 0 hits, 0 errors, 1 left on base; San Jose 2 - Jacksonville 2
TOP OF THE 4TH
San Jose Giants batting - Pitching for Jacksonville Suns : LHP Byron Copeland
Batting: LHB Steve Nevis 0-0: Foul Ball, location: 2F
0-1: Ball
1-1: Ball
2-1: Called Strike
2-2: Strikes out looking
Batting: RHB Josh Truell 0-0: Swinging Strike
0-1: Ball
1-1: Called Strike
1-2: Foul Ball, location: 2F
1-2: Ball
2-2: Ball
3-2: Foul Ball, location: 2F
3-2: SINGLE (Flyball, 4D, EV 95.0 MPH)
Batting: RHB Armando Ramirez 0-0: Called Strike
0-1: Foul Ball, location: 2F
0-2: Ball
1-2: Ball
2-2: Foul Ball, location: 2F
2-2: Ball
3-2: Strikes out swinging
Batting: RHB David Bibian 0-0: Swinging Strike
0-1: Ball
1-1: Called Strike
1-2: SINGLE (Groundball, 6MD, EV 95.0 MPH)
Josh Truell to second
Runner from 2nd tries for 3rd, OUT! 8-5
Top of the 4th over - 0 runs, 2 hits, 0 errors, 1 left on base; San Jose 2 - Jacksonville 2
BOTTOM OF THE 4TH
Jacksonville Suns batting - Pitching for San Jose Giants : RHP Kenjyu Watanabe
Batting: RHB Miguel Velasco 0-0: Ball
1-0: Swinging Strike
1-1: Ground out 1-3 (Groundball, 15S, EV 63.8 MPH)
Batting: LHB Dong-u Chang 0-0: Ball
1-0: Ground out 4-3 (Groundball, 4, EV 88.8 MPH)
Batting: LHB Carlos Mosqueda 0-0: Ball
1-0: Ball
2-0: Ball
3-0: Foul Ball, location: 2F
3-1: Foul Ball, location: 2F
3-2: Base on Balls
Batting: RHB Tom Thompson 0-0: Ball
1-0: Ball
2-0: Called Strike
2-1: Ball
3-1: Base on Balls
Carlos Mosqueda to second
Batting: RHB Alberto Bravo 0-0: Ground out U3 (Groundball, 3, EV 83.8 MPH)
Bottom of the 4th over - 0 runs, 0 hits, 0 errors, 2 left on base; San Jose 2 - Jacksonville 2
TOP OF THE 5TH
San Jose Giants batting - Pitching for Jacksonville Suns : LHP Byron Copeland
Batting: RHB Teruhide Horiuchi 0-0: Ball
1-0: Foul Ball, location: 2F
1-1: Ball
2-1: DOUBLE (Groundball, 3L, EV 100.6 MPH)
Batting: RHB Ed Broomhead 0-0: DOUBLE (Groundball, 3L, EV 107.5 MPH)
Teruhide Horiuchi scores
Batting: RHB Ryan Bentz 0-0: Ball
1-0: Ground out 5-3 (Groundball, 5S, EV 69.4 MPH)
Ed Broomhead to third
Batting: RHB Edwin Verdugo 0-0: Called Strike
0-1: Ball
1-1: Called Strike
1-2: Ball
2-2: Foul Ball, location: 2F
2-2: Foul Ball, location: 2F
2-2: Foul Ball, location: 2F
2-2: Foul Ball, location: 2F
2-2: Foul Ball, location: 2F
2-2: Foul Ball, location: 2F
2-2: Foul Ball, location: 2F
2-2: Foul Ball, location: 2F
2-2: Foul Ball, location: 2F
2-2: Foul Ball, location: 2F
2-2: DOUBLE (Line Drive, 9LS, EV 97.5 MPH)
Ed Broomhead scores
Batting: RHB Frank Pena 0-0: Intentional Walk
Pitching: RHP Earl Shepherd
Batting: LHB Steve Nevis 0-0: Ball
1-0: Ball
2-0: Ball
3-0: Base on Balls
Edwin Verdugo to third
Frank Pena to second
Batting: RHB Josh Truell 0-0: Ball
1-0: Called Strike
1-1: Ball
2-1: Grounds into fielders choice 4-2 (Groundball, 4, EV 80.0 MPH)
Frank Pena to third
Steve Nevis to second
Batting: RHB Armando Ramirez 0-0: Called Strike
0-1: SINGLE (Groundball, 13S, EV 70.6 MPH) (infield hit)
Frank Pena scores
Steve Nevis to third
Josh Truell to second
Batting: RHB David Bibian 0-0: Ball
1-0: Foul Ball, location: 2F
1-1: Swinging Strike
1-2: Strikes out looking
Top of the 5th over - 3 runs, 4 hits, 0 errors, 3 left on base; San Jose 5 - Jacksonville 2
BOTTOM OF THE 5TH
Jacksonville Suns batting - Pitching for San Jose Giants : RHP Kenjyu Watanabe
Batting: LHB Emilio Cordero 0-0: Ball
1-0: Ball
2-0: Called Strike
2-1: Ground out 4-3 (Groundball, 4, EV 93.8 MPH)
Batting: RHB Len Graham 0-0: Ground out 4-3 (Groundball, 4, EV 87.5 MPH)
Batting: RHB Boof Howell 0-0: Foul Ball, location: 2F
0-1: Ball
1-1: Ball
2-1: DOUBLE (Line Drive, 89M, EV 88.8 MPH)
Batting: SHB Matt Moore 0-0: Called Strike
0-1: Swinging Strike
0-2: 2-RUN HOME RUN (Flyball, 89XD, EV 110.0 MPH), Distance : 419 ft
Batting: RHB Miguel Velasco 0-0: Ball
1-0: Ball
2-0: SINGLE (Groundball, 6MD, EV 103.8 MPH)
Batting: LHB Dong-u Chang 0-0: Fly out, F7 (Line Drive, 78M, EV 90.6 MPH)
Bottom of the 5th over - 2 runs, 3 hits, 0 errors, 1 left on base; San Jose 5 - Jacksonville 4
TOP OF THE 6TH
San Jose Giants batting - Pitching for Jacksonville Suns : RHP Earl Shepherd
Batting: RHB Teruhide Horiuchi 0-0: Ball
1-0: Ball
2-0: Foul Ball, location: 2F
2-1: Swinging Strike
2-2: Strikes out swinging
Batting: RHB Ed Broomhead 0-0: Ground out 6-3 (Groundball, 6, EV 76.9 MPH)
Batting: RHB Ryan Bentz 0-0: Ball
1-0: Called Strike
1-1: Ball
2-1: Swinging Strike
2-2: Ball
3-2: Strikes out swinging
Top of the 6th over - 0 runs, 0 hits, 0 errors, 0 left on base; San Jose 5 - Jacksonville 4
BOTTOM OF THE 6TH
Jacksonville Suns batting - Pitching for San Jose Giants : RHP Kenjyu Watanabe
Pitching: RHP Nick McDade
Batting: LHB Carlos Mosqueda 0-0: Called Strike
0-1: Swinging Strike
0-2: Fly out, F8 (Flyball, 78M, EV 88.8 MPH)
Batting: RHB Tom Thompson 0-0: Ball
1-0: Ball
2-0: SINGLE (Groundball, 6MD, EV 97.5 MPH)
Batting: RHB Alberto Bravo 0-0: Ball
1-0: Foul Ball, location: 2F
1-1: Ball
2-1: Called Strike
Tom Thompson steals 2nd base
2-2: Ball
Wild Pitch!
Tom Thompson to third
3-2: Ground out 5-3 (Groundball, 56S, EV 71.2 MPH)
Batting: LHB Emilio Cordero 0-0: Ball
1-0: Ball
2-0: Ball
3-0: Called Strike
3-1: Base on Balls
Batting: RHB Len Graham 0-0: Called Strike
0-1: Swinging Strike
0-2: Ball
1-2: Strikes out looking
Bottom of the 6th over - 0 runs, 1 hit, 0 errors, 2 left on base; San Jose 5 - Jacksonville 4
TOP OF THE 7TH
San Jose Giants batting - Pitching for Jacksonville Suns : RHP Earl Shepherd
Pitching: RHP Campbell Wagenmakers
Batting: RHB Edwin Verdugo 0-0: Foul Ball, location: 2F
0-1: Swinging Strike
0-2: Foul Ball, location: 2F
0-2: Strikes out swinging
Batting: RHB Frank Pena 0-0: Ball
1-0: Ball
2-0: Ball
3-0: Called Strike
3-1: Foul Ball, location: 2F
3-2: Foul Ball, location: 2F
3-2: SINGLE (Groundball, 6MD, EV 99.4 MPH)
Batting: LHB Steve Nevis 0-0: Foul Ball, location: 2F
0-1: Ball
Frank Pena is caught stealing 2nd base 2-6
1-1: Swinging Strike
1-2: Ball
2-2: Reached on error, E5 (Groundball, 5, EV 90.6 MPH)
Batting: RHB Josh Truell 0-0: Called Strike
Steve Nevis steals 2nd base
0-1: Ground out 4-3 (Groundball, 4M, EV 103.8 MPH)
Top of the 7th over - 0 runs, 1 hit, 1 error, 1 left on base; San Jose 5 - Jacksonville 4
BOTTOM OF THE 7TH
Jacksonville Suns batting - Pitching for San Jose Giants : RHP Nick McDade
Pitching: LHP Christian Rogers
Batting: RHB Boof Howell 0-0: Ball
1-0: SINGLE (Line Drive, 56, EV 103.8 MPH)
Batting: SHB Matt Moore 0-0: Ball
1-0: Called Strike
1-1: Foul Ball, location: 2F
1-2: Strikes out swinging
Batting: RHB Miguel Velasco 0-0: Ball
Wild Pitch!
Boof Howell to second
1-0: Fly out, F9 (Flyball, 89S, EV 86.2 MPH)
Batting: LHB Dong-u Chang 0-0: Called Strike
0-1: Ball
1-1: Ground out 6-3 (Groundball, 6, EV 106.9 MPH)
Bottom of the 7th over - 0 runs, 1 hit, 0 errors, 1 left on base; San Jose 5 - Jacksonville 4
TOP OF THE 8TH
San Jose Giants batting - Pitching for Jacksonville Suns : RHP Campbell Wagenmakers
Pitching: RHP Chris Forster
Batting: RHB Armando Ramirez 0-0: Called Strike
0-1: SINGLE (Groundball, P, EV 81.2 MPH) (infield hit)
Batting: RHB David Bibian 0-0: Ball
Armando Ramirez steals 2nd base
1-0: Ball
Armando Ramirez steals 3rd base
2-0: Ground out 4-3 (Groundball, 4M, EV 87.5 MPH)
Batting: RHB Teruhide Horiuchi 0-0: Intentional Walk
Batting: RHB Ed Broomhead 0-0: Ball
1-0: Swinging Strike
1-1: Ball
2-1: Foul Ball, location: 2F
2-2: Fly out, F6 (Popup, 56, EV 75.6 MPH)
Batting: RHB Ryan Bentz 0-0: Ball
1-0: Ground out 4-3 (Groundball, 4, EV 80.6 MPH)
Top of the 8th over - 0 runs, 1 hit, 0 errors, 2 left on base; San Jose 5 - Jacksonville 4
BOTTOM OF THE 8TH
Jacksonville Suns batting - Pitching for San Jose Giants : LHP Christian Rogers
Batting: RHB Akira Suzuki 0-0: Ball
1-0: Called Strike
1-1: SINGLE (Groundball, 4MD, EV 100.0 MPH)
Batting: RHB Tom Thompson 0-0: Ball
1-0: Ball
2-0: Called Strike
2-1: Foul Ball, location: 2F
2-2: Fielders Choice at 2nd, 4-6 (Groundball, 34, EV 91.9 MPH)
Batting: RHB Alberto Bravo 0-0: Bunt missed!
0-1: Ball
1-1: Bunt missed!
1-2: Ground out 5-3 (Groundball, 5, EV 83.8 MPH)
Tom Thompson to second
Batting: LHB Emilio Cordero 0-0: Ground out 4-3 (Groundball, 4, EV 82.5 MPH)
Bottom of the 8th over - 0 runs, 1 hit, 0 errors, 1 left on base; San Jose 5 - Jacksonville 4
TOP OF THE 9TH
San Jose Giants batting - Pitching for Jacksonville Suns : RHP Chris Forster
Batting: RHB Edwin Verdugo 0-0: Swinging Strike
0-1: Swinging Strike
0-2: SINGLE (Groundball, 6MD, EV 108.1 MPH)
Batting: RHB Frank Pena 0-0: Ball
1-0: Called Strike
1-1: Ball
2-1: Ball
3-1: Called Strike
3-2: Foul Ball, location: 2F
3-2: Foul Ball, location: 2F
3-2: Strikes out swinging
Edwin Verdugo steals 2nd base
Batter strikes out.
Batting: LHB Steve Nevis 0-0: Intentional Walk
Batting: RHB Josh Truell 0-0: Foul Ball, location: 2F
0-1: Foul Ball, location: 2F
0-2: Ball
1-2: Fielders Choice at 2nd, 6-4 (Groundball, 56, EV 88.8 MPH)
Edwin Verdugo to third
Pitching: RHP Matt Alexander
Batting: RHB Armando Ramirez 0-0: Fielders Choice at 2nd, 5-4 (Groundball, 56, EV 104.4 MPH)
Top of the 9th over - 0 runs, 1 hit, 0 errors, 2 left on base; San Jose 5 - Jacksonville 4
BOTTOM OF THE 9TH
Jacksonville Suns batting - Pitching for San Jose Giants : LHP Christian Rogers
Pitching: LHP Jimmy Heinecke
Batting: RHB Len Graham 0-0: Ball
1-0: Swinging Strike
1-1: Ball
2-1: Foul Ball, location: 2F
2-2: Strikes out looking
Batting: RHB Boof Howell 0-0: Foul Ball, location: 2F
0-1: Ball
1-1: Foul Ball, location: 2F
1-2: Strikes out looking
Batting: SHB Matt Moore 0-0: Ball
1-0: Ball
2-0: Ball
3-0: Called Strike
3-1: Reached on error, E5 (Groundball, 5, EV 106.2 MPH)
Batting: RHB Miguel Velasco 0-0: Ball
1-0: Swinging Strike
1-1: 2-RUN HOME RUN (Flyball, 78XD, EV 106.9 MPH), Distance : 423 ft
Bottom of the 9th over - 2 runs, 1 hit, 1 error, 0 left on base; San Jose 5 - Jacksonville 6
Tuesday, March 28th , 2023 - OOTP Baseball 23.10 Build 110